 Dungeon Crawl Stone Soup version 0.29-a0-40-g8eb35efe60 (webtiles) character file.

Game seed: 11226735039423252885

245 porpoise the Skirmisher (level 6, -4/71 HPs)
             Began as an Ogre Arcane Marksman on Feb 2, 2022.
             Slain by an orc (7 damage)
             ... on level 4 of the Dungeon.
             The game lasted 00:08:42 (4010 turns).

porpoise the Skirmisher (Ogre Arcane Marksman)      Turns: 4010, Time: 00:08:42

Health: -4/71      AC:  3    Str: 15    XL:     6   Next: 10%
Magic:  8/8        EV: 10    Int: 16    God:
Gold:   142        SH:  0    Dex: 15    Spells: 7/8 levels left

rFire   . . .      SeeInvis +   a - +0 short sword
rCold   . . .      Faith    .   (no shield)
rNeg    . . .      Spirit   .   d - +0 robe
rPois   .          Reflect  .   (helmet restricted)
rElec   .          Harm     .   (no cloak)
rCorr   .          Rampage  .   (gloves unavailable)
Will    .....                   (boots unavailable)
Stlth   +.........              (no amulet)
HPRegen 0.21/turn               i - +6 ring of dexterity
MPRegen 0.11/turn               m - ring of see invisible

@: no status effects
A: large, unfitting armour, tough skin 1
a: no special abilities


You were on level 4 of the Dungeon.
You visited 1 branch of the dungeon, and saw 4 of its levels.

You collected 142 gold pieces.

Inventory:

Hand Weapons
 a - a +0 short sword (weapon)
Missiles
 b - 4 large rocks (quivered)
 c - 2 throwing nets
 j - 40 stones
 n - 10 arrows
 p - 3 poisoned darts
Armour
 d - a +0 robe (worn)
Magical Staves
 f - a staff of fire
Jewellery
 i - a +6 ring of dexterity (left hand)
 m - a ring of see invisible (right hand)
Wands
 o - a wand of flame (15)
Scrolls
 g - a scroll of magic mapping {unknown}
 h - a scroll of fear {unknown}
Potions
 e - a potion of resistance
 k - a potion of heal wounds
 l - a potion of brilliance
 q - a potion of haste
 r - a potion of invisibility {unknown}


   Skills:
 * Level 7.5 Fighting
 - Level 2.0 Throwing
 - Level 1.7 Dodging
 + Level 1.6 Spellcasting
 + Level 2.8 Hexes


You had 7 spell levels left.
You knew the following spells:

 Your Spells              Type           Power      Damage    Failure   Level
a - Slow                  Hex            40%        N/A       7%          1

Your spell library contained the following spells:

 Spells                   Type           Power      Damage    Failure   Level
 Inner Flame              Hex/Fire       5%         N/A       34%         3
 Portal Projectile        Hex/Tloc       10%        N/A       34%         3
 Cause Fear               Hex            5%         N/A       54%         4


Dungeon Overview and Level Annotations

Branches:
Dungeon (4/15)
 Temple: D:4-7

Altars:
Qazlal
Ru
Zin


Innate Abilities, Weirdness & Mutations

You are too large for most types of armour.
You have tough skin. (AC +1)


Message History

The orc priest is lightly wounded.
The orc priest hits you with a +0 mace. The orc closely misses you.
The orc barely misses you.
You hit the orc priest.
The orc priest is heavily wounded.
The orc priest hits you with a +0 mace! The orc hits you but does no damage.
The orc hits you with a +0 hand axe.
You hit the orc priest.
The orc priest is severely wounded.
The orc priest hits you but does no damage.
The orc hits you with a +0 club. The orc hits you with a +0 hand axe.
* * * LOW HITPOINT WARNING * * *
You hit the orc priest.
You kill the orc priest!
The orc hits you with a +0 club.
* * * LOW HITPOINT WARNING * * *
The orc hits you but does no damage.
You have reached level 6!
You feel stronger.
You hit the orc.
The orc is severely wounded.
The orc hits you with a +0 club.
* * * LOW HITPOINT WARNING * * *
The orc closely misses you.
You hit the orc.
You kill the orc!
The orc hits you but does no damage.
You barely miss the orc. The orc hits you with a +0 hand axe.
* * * LOW HITPOINT WARNING * * *
You hit the orc but do no damage. The orc hits you with a +0 hand axe!
* * * LOW HITPOINT WARNING * * *
You hit the orc.
The orc is lightly wounded.
The orc barely misses you.
You hit the orc.
The orc is moderately wounded.
The orc hits you with a +0 hand axe.
* * * LOW HITPOINT WARNING * * *
The orc hits you with a +0 hand axe!
You die...

####
##).####
#@).!..#
##o<...#
#.....#
#....##
#.....##.#.#
......o
.#..#
....o.. ..
... .......
... ..#
......#
......#


You could see an orc.

Vanquished Creatures
  3 electric eels (D:3)
  A hound (D:3)
  An orc priest (D:4)
  An adder (D:3)
  A worm (D:3)
  3 dart slugs
  An orc (D:4)
  8 ball pythons
  An endoplasm (D:2)
  2 giant cockroaches
  5 goblins
  4 hobgoblins
  8 kobolds
  4 quokkas
  5 bats
  2 frilled lizards
  5 rats (D:1)
55 creatures vanquished.

Vanquished Creatures (others)
  A plant (D:3)
1 creature vanquished.

Grand Total: 56 creatures vanquished

Notes
Turn   | Place    | Note
-------+----------+-------------------------------------------
     0 | D:1      | porpoise the Ogre Arcane Marksman began the quest for the
                  | Orb.
     0 | D:1      | Reached XP level 1. HP: 19/19 MP: 2/2
   117 | D:1      | Reached skill level 2 in Fighting
   220 | D:1      | Reached XP level 2. HP: 24/29 MP: 3/3
   303 | D:1      | Reached skill level 3 in Fighting
   928 | D:1      | Reached XP level 3. HP: 36/39 MP: 4/4
   959 | D:1      | Reached skill level 4 in Fighting
  1417 | D:2      | Found a faded altar of an unknown god.
  2066 | D:3      | Found a sacrificial altar of Ru.
  2140 | D:3      | Reached skill level 5 in Fighting
  2140 | D:3      | Reached XP level 4. HP: 18/50 MP: 5/5
  2464 | D:3      | Found a transporter.
  2483 | D:3      | Found a transporter.
  2535 | D:3      | Reached skill level 6 in Fighting
  2535 | D:3      | Reached XP level 5. HP: 17/59 MP: 6/6
  2976 | D:3      | Reached skill level 7 in Fighting
  3405 | D:3      | Found a glowing silver altar of Zin.
  3822 | D:3      | Found a stormy altar of Qazlal.
  4005 | D:4      | Reached XP level 6. HP: 16/71 MP: 8/8
  4010 | D:4      | HP: 3/71 [orc (3)]
  4010 | D:4      | Slain by an orc

Illustrated notes

Levels and vault maps discovered:
D:1:      tarquinn_simple_flora_water_b, layout_rooms
D:2:      layout_basic, nicolae_ecumenical_oubliette
D:3:      gammafunk_steamed_eel, layout_loops_corners, nicolae_ru_awakened_eye,
          mainiacjoe_overflow_alcove_2, mainiacjoe_overflow_surrounded_room,
          minmay_misc_feat_tiny, hangedman_glass_teeth
D:4:      layout_cave_pools, mainiacjoe_overflow_alcove_3

Skill      XL: |  1  2  3  4  5 |
---------------+----------------+-----
Fighting       | 2 3 5 6 7 |  7.5
Throwing       | |  2.0
Dodging        | |  1.7
Spellcasting   | |  1.6
Hexes          | |  2.8

Action                   |  1- 3 |  4- 6 || total
-------------------------+-------+-------++-------
Melee: Staff             |    12 |       ||    12
       Hand axe          |    49 |       ||    49
       Short sword       |    86 |    53 ||   139
       Punch             |     1 |       ||     1
Throw: Large rock        |       |     4 ||     4
Evoke: Wand              |       |     3 ||     3
  Use: Scroll            |     2 |     2 ||     4
 Stab: Sleeping          |     1 |       ||     1
Armor: Robe              |    62 |    10 ||    72
Dodge: Dodged            |    79 |    28 ||   107

Table legend: (Time is in decaauts)
 A = Elapsed time spent in this place.
 B = Non-inter-level travel time spent in this place.
 C = Inter-level travel time spent in this place.
 D = Time resting spent in this place.
 E = Time spent auto-exploring this place.
 F = Levels seen in this place.
 G = Mean time per level.
                   A        B        C        D        E       F      G
               +--------+--------+--------+--------+--------+-----+--------+
         Total |   4047 |   3918 |    129 |   1345 |   1915 |   4 | 1011.8 |
       Dungeon |   4047 |   3918 |    129 |   1345 |   1915 |   4 | 1011.8 |
               +--------+--------+--------+--------+--------+-----+--------+

Top non-repeatable levels by time:
     D:3: 1931 daAuts
     D:1: 1204 daAuts
     D:2: 883 daAuts
     D:4: 27 daAuts
